 Dungeon Crawl Stone Soup version 0.31-a0-240-gb923e448b6 (webtiles) character file.

Game seed: 8556535915930844137

122 qw the Shooter (level 5, -1/30 HPs)
             Began as a Gargoyle Hexslinger on July 11, 2023.
             Killed from afar by Grinder (3 damage)
             ... with a puff of flame
             ... while paralysed by Grinder
             ... on level 4 of the Dungeon.
             The game lasted 00:00:53 (2275 turns).

qw the Shooter (Gargoyle Hexslinger)                Turns: 2275, Time: 00:00:54

Health: -1/30      AC: 16    Str: 17      XL:     5   Next: 6%
Magic:  6/6        EV:  2    Int: 14      God:
Gold:   183        SH:  0    Dex: 12 (14) Spells: 5/6 levels left

rFire   . . .        Y - +2 sling
rCold   . . .        (no shield)
rNeg    + . .        h - +0 ring mail
rPois   inf          c - +2 helmet
rElec   +            j - +2 cloak
rCorr   .            (no gloves)
SInv    .            n - +0 pair of boots
Will    .....        (no amulet)
Stlth   +            k - +6 ring of strength
HPRegen 0.25/turn    (no ring)
MPRegen 0.10/turn

%: no passive effects
@: paralysed
A: sickness immunity, AC +4, negative energy resistance 1, electricity
resistance, torment resistance 1, petrification resistance
a: no special abilities


You were on level 4 of the Dungeon.
You visited 1 branch of the dungeon, and saw 4 of its levels.

You collected 183 gold pieces.


Innate Abilities, Weirdness & Mutations

You are immune to sickness and miasma.
Your stone body is resilient. (AC +4)
You are immune to poison.
You resist negative energy. (rN+)
You are resistant to electric shocks. (rElec)
You are resistant to unholy torment.
You are immune to petrification.


   Skills:
 - Level 2.2 Fighting
 + Level 4.5 Ranged Weapons
 - Level 1.0 Armour
 - Level 1.5 Dodging
 - Level 1.0 Spellcasting
 - Level 2.6 Hexes


You had 5 spell levels left.
You knew the following spells:

 Your Spells              Type           Power      Damage    Failure   Level
a - Slow                  Hex            32%        N/A       16%         1

Your spell library contained the following spells:

 Spells                   Type           Power      Damage    Failure   Level
 Inner Flame              Hex/Fire       4%         N/A       63%         3
 Portal Projectile        Hex/Tloc       8%         N/A       63%         3
 Cause Fear               Hex            4%         N/A       85%         4

Inventory:

Hand Weapons
 Y - a +2 sling (weapon)
Armour
 c - a +2 helmet (worn)
 h - a +0 ring mail (worn)
 j - a +2 cloak (worn)
 n - a +0 pair of boots (worn)
 o - a +2 animal skin
Jewellery
 k - a +6 ring of strength (left hand)
Scrolls
 a - 2 scrolls of identify
Potions
 b - a potion of invisibility {unknown}
 d - a potion of lignification {unknown}
 e - a potion of enlightenment
 f - a potion of mutation {unknown}
 g - a potion of degeneration {unknown}
 i - a potion of brilliance {unknown}
 l - a potion of might {unknown}
 m - a potion of attraction {unknown}

Dungeon Overview and Level Annotations

Branches:
Dungeon (4/15)
 Temple: D:4-7

Altars:
Cheibriados

Annotations:
D:4 Eustachio, Grinder


Message History

The rat barely misses you.
The quokka bites you but does no damage.
Grinder gestures at you. Pain shoots through your body!
The quasit bites you but does no damage.
The quasit closely misses you.
The quasit claws you but does no damage.
You shoot a sling bullet. The sling bullet hits the quasit.
The quasit is heavily wounded.
The quasit disappears in a puff of smoke!
The bat hits you but does no damage. The rat bites you but does no damage.
The quokka bites you but does no damage.
The bat hits you but does no damage.
You shoot a sling bullet.
The sling bullet closely misses the bat.
The bat hits you but does no damage. The quokka closely misses you.
The rat barely misses you.
The quokka bites you but does no damage.
The rat bites you.
You shoot a sling bullet.
The sling bullet closely misses Grinder.
The sling bullet closely misses the bat.
The bat hits you but does no damage. Grinder closely misses you.
The quokka completely misses you. The rat bites you but does no damage.
You shoot a sling bullet.
The sling bullet hits Grinder but does no damage.
Grinder is moderately wounded.
The bat hits you but does no damage. x2; The quokka barely misses you.
Grinder hits you but does no damage. The rat bites you but does no damage.
The quokka misses you. Grinder hits you.
You shoot a sling bullet.
The sling bullet hits Grinder but does no damage.
Grinder is moderately wounded.
The bat completely misses you. The rat bites you but does no damage.
The quokka bites you but does no damage.
Grinder gestures at you.
You suddenly lose the ability to move!
The bat hits you but does no damage. The quokka bites you.
The rat completely misses you.
Grinder zaps a wand.
The puff of flame hits you.
You die...

#####.#...............
.. #
#....................
.##
####..##................
........................
###.....................
# #...###...............
# #...###...............
# #............r.b......
# #..####.......@5......
###..# #........r......
.....####.........@.....
........................
....#####.........>.....
....# #...............
....#####...............
........................
.......................


You could see Eustachio, Grinder, a quokka (summoned), a bat (summoned) and a
rat (summoned).

Vanquished Creatures
  Robin (D:4)
  3 adders
  A white imp (D:4)
  2 dart slugs (D:2)
  2 worms
  4 endoplasms
  11 giant cockroaches (D:2)
  13 goblins
  6 hobgoblins
  2 jackals (D:2)
  A quokka (D:4)
  3 ball pythons
  4 bats
  2 frilled lizards
  7 kobolds
  2 rats
64 creatures vanquished.

Notes
Turn   | Place    | Note
-------+----------+-------------------------------------------
     0 | D:1      | qw the Gargoyle Hexslinger began the quest for the Orb.
     0 | D:1      | Reached XP level 1. HP: 12/12 MP: 2/2
     0 | D:1      | 0 ||| qw: Version: 0.3-a-52-g30416fa
     0 | D:1      | 0 ||| qw: Game counter: 6010
     0 | D:1      | 0 ||| qw: Melee chars always use a shield: true
     0 | D:1      | 0 ||| qw: God list: Okawaru
     0 | D:1      | 0 ||| qw: Allow faded altars: false
     0 | D:1      | 0 ||| qw: Do Orc after clearing Dungeon:15 true
     0 | D:1      | 0 ||| qw: Do second Lair branch before Depths: true
     0 | D:1      | 0 ||| qw: Lair rune preference: random
     0 | D:1      | 0 ||| qw: Goals: Normal
     0 | D:1      | 0 ||| PLANNING D:1-11
   108 | D:1      | Reached XP level 2. HP: 16/16 MP: 3/3
   213 | D:1      | Reached skill level 3 in Ranged Weapons
   362 | D:1      | 362 ||| READING scroll labelled XOPSEOLOEKEO.
   363 | D:1      | 363 ||| READING scroll labelled DOUNECE NE ETYD.
   464 | D:1      | 464 ||| READING scroll labelled IRCHIM MECURGHYE.
   465 | D:1      | 465 ||| DRINKING 2 bubbling blue potions.
   466 | D:1      | 466 ||| DROPPING scroll of poison.
   527 | D:2      | Reached XP level 3. HP: 20/21 MP: 4/4
   536 | D:2      | Identified the +2 helmet of Privacy {Harm rF- Int+3}
  1032 | D:2      | Reached XP level 4. HP: 26/26 MP: 5/5
  1187 | D:2      | 1187 ||| UPGRADING to +0 leather armour.
  1197 | D:2      | 1197 ||| DROPPING +0 robe.
  1198 | D:2      | 1198 ||| UPGRADING to +0 ring mail.
  1208 | D:2      | 1208 ||| DROPPING +0 leather armour.
  1209 | D:2      | 1209 ||| UPGRADING to +2 cloak.
  1214 | D:2      | 1214 ||| UPGRADING to +0 pair of boots.
  1219 | D:2      | 1219 ||| DROPPING +6 ring of intelligence.
  1220 | D:2      | 1220 ||| UPGRADING to +6 ring of strength.
  1221 | D:2      | 1221 ||| READING scroll labelled YSAXYNOELUA.
  1396 | D:3      | Reached skill level 1 in Armour
  1692 | D:3      | Found a snail-covered altar of Cheibriados.
  1878 | D:3      | 1878 ||| UPGRADING to +2 helmet.
  1883 | D:3      | 1883 ||| DROPPING +2 helmet of Privacy {Harm rF- Int+3}.
  1884 | D:3      | 1884 ||| DROPPING ring of wizardry.
  1945 | D:4      | Reached skill level 4 in Ranged Weapons
  2075 | D:4      | Noticed Robin
  2089 | D:4      | Killed Robin
  2096 | D:4      | HP: 6/26 [hobgoblin[Robin] (1)]
  2194 | D:4      | Reached XP level 5. HP: 30/30 MP: 6/6
  2252 | D:4      | Noticed Eustachio
  2253 | D:4      | Noticed Grinder
  2264 | D:4      | Paralysed by Grinder for 2 turns
  2271 | D:4      | HP: 7/30 [rat[Eustachio] (3)]
  2274 | D:4      | Paralysed by Grinder for 5 turns
  2275 | D:4      | HP: 2/30 [quokka[Eustachio] (3)]
  2275 | D:4      | Killed from afar by Grinder

Levels and vault maps discovered:
D:1:      minmay_arrival_cross, layout_basic
D:2:      minmay_roachtagon, layout_loops_ring
D:3:      layout_basic, lemuel_crystal_altar
D:4:      layout_basic, minmay_quantized, uniq_robin, uniq_eustachio,
          uniq_grinder

Skill      XL: |  1  2  3  4 |
---------------+-------------+-----
Ranged Weapons | 3 4 |  4.5
Fighting       | 2 |  2.2
Armour         | 1 |  1.0
Dodging        | |  1.5
Spellcasting   | |  1.0
Hexes          | |  2.6

Action                     |  1- 3 |  4- 6 || total
---------------------------+-------+-------++-------
   Fire: Sling             |   114 |    97 ||   211
    Use: Scroll            |     3 |     1 ||     4
         Potion            |     1 |       ||     1
 Armour: Robe              |    27 |       ||    27
         Ring mail         |       |   142 ||   142
  Dodge: Dodged            |    33 |   102 ||   135

Table legend:
 A = Non-vault XP
 B = Vault XP
 C = Vault XP percentage of total XP
 D = Non-vault monster count
 E = Vault monster count
 F = Vault count percentage of total count
                 A         B        C        D         E       F
            +---------+---------+-------+---------+---------+-------
      Total |     117 |      58 |  33.1 |      41 |      23 |  35.9
            +---------+---------+-------+---------+---------+-------
        D:1 |      24 |       0 |   0.0 |      16 |       0 |   0.0
        D:2 |      37 |      22 |  37.3 |      11 |      11 |  50.0
        D:3 |      29 |       0 |   0.0 |       9 |       0 |   0.0
        D:4 |      27 |      36 |  57.1 |       5 |      12 |  70.6
            +---------+---------+-------+---------+---------+-------
